 Dungeon Crawl Stone Soup version 0.21-a0-460-g737a915 (webtiles) character file.

3147 theanonym the Cleaver (level 9, 0/81 HPs)
             Began as a Hill Orc Fighter on Nov 20, 2017.
             Was a Believer of Zin.
             Killed from afar by an orc wizard (19 damage)
             ... with a wand of lightning (4)
             ... on level 7 of the Dungeon.
             The game lasted 00:10:56 (6742 turns).

theanonym the Cleaver (Hill Orc Fighter)            Turns: 6742, Time: 00:10:57

Health: 0/81       AC: 11    Str: 22    XL:     9   Next: 93%
Magic:  12/12      EV:  5    Int:  8    God:    Zin [**....]
Gold:   330        SH:  9    Dex: 10    Spells: 8/8 levels left

rFire    + . .     SeeInvis .   H - +2 war axe (holy)
rCold    . . .     Gourm    .   c - +0 shield
rNeg     . . .     Faith    .   y - +0 chain mail
rPois    .         Spirit   .   (no helmet)
rElec    .         Reflect  .   u - +0 cloak
rCorr    .         Harm     .   (no gloves)
MR       .....                  g - +0 pair of boots
Stlth    ..........             (no amulet)
HPRegen  0.23/turn              G - ring of protection from fire {rF+}
MPRegen  0.13/turn              (no ring)

@: no status effects
A: no striking features
a: Recite, Vitalisation, Donate Gold, Renounce Religion


   Skills:
 + Level 8.1 Fighting
 * Level 14.3 Axes
 - Level 3.2 Armour
 - Level 3.2 Shields
 - Level 5.1 Invocations


You had 8 spell levels left.
You didn't know any spells.

Skill      XL: |  1  2  3  4  5  6  7  8  9 |
---------------+----------------------------+-----
Axes           | 3 4 5 6 8 10 11 12 14 | 14.3
Fighting       | 4 6 8 |  8.1
Invocations    | 2 5 |  5.1
Armour         | |  3.2
Shields        | |  3.2

Action                   |  1- 3 |  4- 6 |  7- 9 || total
-------------------------+-------+-------+-------++-------
Melee: War axe           |   103 |   218 |   323 ||   644
Evoke: Wand              |       |     3 |     3 ||     6
  Use: Scroll            |       |     2 |     1 ||     3
       Potion            |       |     3 |       ||     3
  Eat: Chunk             |       |     8 |     9 ||    17
       Fruit             |       |       |     2 ||     2
       Bread ration      |       |       |     1 ||     1
Armor: Scale mail        |    50 |    69 |       ||   119
       Skin              |       |    10 |       ||    10
       Chain mail        |       |    23 |   128 ||   151
Dodge: Dodged            |    27 |    48 |    47 ||   122
Block: Shield            |    68 |   101 |   115 ||   284

Inventory:

Hand Weapons
 a - a +0 war axe
 H - a +2 war axe of holy wrath (weapon)
   (You took it off an orc on level 7 of the Dungeon)
Missiles
 F - 9 poisoned needles
Armour
 b - a +0 scale mail
 c - a +0 shield (worn)
 g - a +0 pair of boots (worn)
   (You found it on level 2 of the Dungeon)
 u - a +0 cloak (worn)
   (You found it on level 3 of the Dungeon)
 y - a +0 chain mail (worn)
   (You took it off an orc on level 3 of the Dungeon)
 z - a +0 cloak
   (You took it off Crazy Yiuf on level 3 of the Dungeon)
Jewellery
 G - a ring of protection from fire (left hand) {rF+}
   (You found it on level 6 of the Dungeon)
Wands
 q - a wand of lightning (4)
   (You found it on level 2 of the Dungeon)
 s - a wand of iceblast (6)
   (You took it off Ijyb on level 3 of the Dungeon)
Scrolls
 p - a scroll of identify {unknown}
 t - 3 scrolls of teleportation {!r}
 w - a scroll of magic mapping {unknown}
 B - a scroll of amnesia {unknown}
 C - a scroll of remove curse
 D - 3 scrolls of enchant weapon {unknown}
 E - a scroll of enchant armour {unknown}
Potions
 d - 2 potions of invisibility {unknown}
 e - 2 potions of degeneration {unknown}
 i - 2 potions of cancellation {unknown}
 j - 3 potions of heal wounds {unknown}
 k - 4 potions of lignification
 l - a potion of agility {unknown}
 n - a potion of magic
 o - a potion of resistance {unknown}
 r - a potion of curing {unknown}
 v - a potion of mutation {unknown}
 A - a potion of flight {unknown}
Comestibles
 f - 2 bread rations
 h - 5 meat rations
 m - 4 royal jellies
 x - 2 chunks of flesh

Dungeon Overview and Level Annotations

Branches:
Dungeon (7/15)             Temple (1/1) D:6

Altars:
Ashenzari
Cheibriados
Dithmenos
Elyvilon
Fedhas
Gozag
Hepliaklqana
Kikubaaqudgha
Makhleb
Nemelex Xobeh
Okawaru
Qazlal
Ru
Sif Muna
Trog
Uskayaw
Vehumet
Wu Jian
Xom
Yredelemnul
Zin
The Shining One


You were on level 7 of the Dungeon.
You worshipped Zin.
Zin was pleased with you.
You were not hungry.

You visited 2 branches of the dungeon, and saw 8 of its levels.
You also visited: Sewer.

You collected 366 gold pieces.
You donated 36 gold pieces to Zin.


Message History

Things that are here:
an arrow; a scale mail; a gnoll corpse You pay a tithe of 1 gold.
You now have 320 gold pieces (gained 7).
Things that are here:
an uncursed shortbow; 22 arrows; a centaur corpse
Things that are here:
an arrow; a scale mail; a gnoll corpse You pay a tithe of 1 gold.
You now have 330 gold pieces (gained 10).
Things that are here:
a flail; a gnoll corpse
Found 18 arrows.
You see here a bullfrog corpse.
You butcher the bullfrog corpse.
x - 9 chunks of flesh (gained 1)
You see here a bullfrog skeleton. x2
Found a stone staircase leading up.
You regained 4 hp, and now have 73/81 hp.
A bullfrog comes into view.
The bullfrog croaks.
A bullfrog is nearby!
A bullfrog is nearby!
A bullfrog is nearby!
You block the bullfrog's attack.
You slash the bullfrog! You block the bullfrog's attack.
You slash the bullfrog!
You kill the bullfrog!
Your Fighting skill increases to level 8!
No target in view!
No target in view!
No target in view!
You butcher the bullfrog corpse.
x - 10 chunks of flesh (gained 1)
You see here a bullfrog skeleton. x2
Found a dagger.
Some of the chunks of flesh in your inventory have rotted away.
Found 27 bolts.
You regained 2 hp, and now have 77/81 hp.
Found a stone staircase leading up.
You regained 3 hp, and now have 80/81 hp.
Found a warped leather armour.
Health restored: 81 You see here a warped leather armour.
You open the door.
There is an open door here.
There is an open door here.
A wyvern skeleton comes into view.
A wyvern skeleton is nearby!
The wyvern skeleton bites you.
You take 4 damage, and have 77/81 hp.
Your shield and chain mail prevent you from hitting the wyvern skeleton.
You block the wyvern skeleton's attack.
You slash the wyvern skeleton!
The wyvern skeleton convulses!
The wyvern skeleton bites you. x2
You take 5 damage, and have 73/81 hp.
You hit the wyvern skeleton.
The wyvern skeleton convulses.
The wyvern skeleton bites you but does no damage.
You slash the wyvern skeleton!
You destroy the wyvern skeleton!
Zin accepts your kill.
No target in view!
No target in view!
An orc wizard comes into view. It is wielding a dagger.
You regained 2 hp, and now have 75/81 hp.
An orc wizard is nearby!
An orc wizard is nearby!
An orc wizard is nearby!
An orc wizard comes into view. It is wielding a dagger.
The orc wizard shouts!
The orc wizard zaps a wand.
The bolt of lightning hits you!
It is a wand of lightning (5).
The orc wizard moves out of view.
You take 19 damage, and have 56/81 hp.
MASSIVE DAMAGE!!
You are too injured to fight recklessly!
You are too injured to fight recklessly!
The orc wizard zaps a wand.
The bolt of lightning hits you!
* * * LOW HITPOINT WARNING * * *
You take 21 damage, and have 35/81 hp.
MASSIVE DAMAGE!!
You start resting.
The orc wizard hits you but does no damage.
You slash the orc wizard!
The orc wizard hits you but does no damage.
You closely miss the orc wizard.
The orc wizard points at you and mumbles some strange words.
The puff of frost hits you!
* * * LOW HITPOINT WARNING * * *
You take 4 damage, and have 33/81 hp.
You slice the orc wizard!!
You kill the orc wizard!
You hit the orc wizard but do no damage.
You closely miss the orc wizard. The orc wizard casts a spell at you.
You easily resist.
Your chain mail prevents you from hitting the orc wizard.
The orc wizard hits you but does no damage.
You slash the orc wizard!
The orc wizard zaps a wand.
The bolt of lightning hits you!
* * * LOW HITPOINT WARNING * * *
The bolt of lightning hits you!
You die...

..... ... ......... ### ...
....#.# ... #....# #..#.##.###.
#.#..# #........... #.#..#
#.##..# #.#..# #.##..# #.#..#
#.##).#.## ..
#####.#..###..@o....# #. ...#
###...................... ... ...
...........#######.#..### #.# #.#
######'#### #.#..# #.# #.#
#........# ######....# #.# #..
#........###.........# #.###..
#........'...####.#..# #.#.#.#
#........##..#.......#####......
#........##..#.#.......รท...#.#.#


You could see an orc wizard.

Notes
Turn   | Place    | Note
-------+----------+-------------------------------------------
     0 | D:1      | theanonym the Hill Orc Fighter began the quest for the Orb.
     0 | D:1      | Reached XP level 1. HP: 19/19 MP: 1/1
    46 | D:1      | Reached skill level 3 in Axes
   133 | D:1      | Reached XP level 2. HP: 26/26 MP: 2/2
   160 | D:1      | Reached skill level 4 in Axes
   292 | D:1      | Reached XP level 3. HP: 21/31 MP: 3/3
   577 | D:2      | Reached skill level 5 in Axes
   705 | D:2      | HP: 14/31 [adder (3)]
   724 | D:2      | HP: 14/31 [hobgoblin (2)]
   959 | D:2      | Reached XP level 4. HP: 36/39 MP: 4/4
  1302 | D:2      | Reached skill level 6 in Axes
  1460 | D:3      | Noticed Ijyb
  1474 | D:3      | Killed Ijyb
  1474 | D:3      | Reached XP level 5. HP: 32/45 MP: 5/5
  1494 | D:3      | Reached skill level 7 in Axes
  1727 | D:3      | Found a glowing drain.
  1731 | Sewer    | Entered a sewer
  1734 | Sewer    | Noticed Purgy
  1749 | Sewer    | HP: 19/45 [Purgy (6)]
  1754 | Sewer    | HP: 10/45 [Purgy (3)]
  1759 | Sewer    | HP: 13/67 [Purgy (1)]
  1763 | Sewer    | Killed Purgy
  1763 | Sewer    | Reached skill level 8 in Axes
  1763 | Sewer    | Reached XP level 6. HP: 12/51 MP: 6/6
  2236 | D:3      | Found a hide-covered altar of Uskayaw.
  2288 | D:3      | Found a runed door.
  2911 | D:3      | Noticed Crazy Yiuf
  2917 | D:3      | Killed Crazy Yiuf
  2917 | D:3      | Reached skill level 9 in Axes
  3206 | D:4      | HP: 24/51 [orc priest/trident (6)]
  3338 | D:4      | Noticed Scuka's ghost (amateur BaSu)
  3407 | D:4      | Killed Scuka's ghost
  3407 | D:4      | Reached skill level 10 in Axes
  3407 | D:4      | Reached XP level 7. HP: 51/57 MP: 7/7
  3570 | D:4      | Reached skill level 4 in Fighting
  3884 | D:5      | Entered Level 5 of the Dungeon
  3989 | D:5      | Reached skill level 11 in Axes
  4040 | D:5      | Reached XP level 8. HP: 65/67 MP: 8/8
  4362 | D:5      | Reached skill level 5 in Fighting
  4825 | D:6      | Reached skill level 12 in Axes
  5035 | D:6      | Reached skill level 6 in Fighting
  5215 | D:6      | Found a staircase to the Ecumenical Temple.
  5282 | Temple   | Entered the Ecumenical Temple
  5468 | Temple   | Became a worshipper of Zin the Law-Giver
  5468 | Temple   | Reached * piety under Zin
  5565 | D:6      | Reached skill level 1 in Invocations
  6069 | D:6      | Reached ** piety under Zin
  6229 | D:6      | Reached skill level 2 in Invocations
  6229 | D:6      | Reached XP level 9. HP: 63/78 MP: 10/10
  6409 | D:7      | Reached skill level 13 in Axes
  6410 | D:7      | Noticed a two-headed ogre
  6417 | D:7      | Reached skill level 3 in Invocations
  6419 | D:7      | Reached skill level 7 in Fighting
  6482 | D:7      | Killed a two-headed ogre
  6482 | D:7      | Reached skill level 4 in Invocations
  6490 | D:7      | Reached skill level 14 in Axes
  6601 | D:7      | Reached skill level 5 in Invocations
  6648 | D:7      | Reached skill level 8 in Fighting
  6728 | D:7      | HP: 35/81 [orc wizard/wand of lightning (5) (21)]
  6738 | D:7      | HP: 33/81 [orc wizard/puff of frost (5)]
  6742 | D:7      | Killed from afar by an orc wizard

Vanquished Creatures
  A two-headed ogre (D:7)
  The ghost of Scuka the Caller, an amateur BaSu (D:4)
  A hippogriff (D:7)
  A hungry ghost (D:7)
  2 orc warriors
  Purgy (Sewer)
  A phantom (D:6)
  A sky beast (D:6)
  2 centaurs
  4 bullfrogs
  A wyvern skeleton (D:7)
  A scorpion (D:5)
  A crimson imp (D:5)
  A bullfrog zombie (D:6)
  A jelly (D:5)
  5 orc priests
  A hound (D:4)
  Crazy Yiuf (D:3)
  Ijyb (D:3)
  An iguana (D:5)
  8 orc wizards
  5 worker ants
  A killer bee zombie (D:6)
  3 gnolls (D:7)
  12 adders
  A shadow imp (D:5)
  4 worms
  2 dart slugs (D:3)
  4 leopard geckos
  40 orcs
  4 bats
  4 giant cockroaches
  8 goblins
  8 hobgoblins
  10 jackals
  8 kobolds
  5 quokkas
  A ball python (D:3)
  5 frilled lizards
  2 quokka skeletons (D:7)
  12 rats
176 creatures vanquished.
